Map: Eternal Empire LE

Players

SouLeer

  • Race: Zerg Zerg
  • League: Diamond
  • Spawn Location: 1:00

Couguar - Winner!

  • Race: Protoss Protoss
  • League: Grandmaster
  • Spawn Location: 7:00

Event: DreamHack SC2 Masters 2020 Fall

VOD

Have the link to the VOD?

Description

Time

  • Played on: Aug. 27, 2020, 11:22 a.m.
  • Length: 3:48

All games in this series

Show
View Real Time Build Order
Export as new Build Order

SouLeer Zerg 

Build Orders: Hatch First 

Get SALT Encoding   

  12  0:00  Drone  
  13  0:12  Overlord  
  13  0:16  Drone  
  14  0:32  Drone x2  
  16  0:50  Hatchery  
  16  0:52  Drone  
  16  0:56  Drone  
  17  1:00  Drone  
  18  1:07  Drone  
  19  1:25  Spawning Pool  
  18  1:27  Drone  
  18  1:31  Drone  
  20  1:44  Overlord  
  20  2:01  Drone  
  21  2:17  Spine Crawler x2, Zergling x4  
  21  2:18  Zergling x4  
  23  2:25  Zergling x2  
  20  2:37  Zergling x2  
  19  2:51  Zergling x2  
  17  3:01  Zergling x2  
  17  3:02  Zergling x4  
  20  3:14  Zergling x2  
Show
View Real Time Build Order
Export as new Build Order

Couguar Protoss - Winner!

Build Orders:  

Get SALT Encoding   

  12  0:03  Probe  
  13  0:15  Probe  
  14  0:21  Pylon  
  14  0:27  Probe  
  15  0:38  Pylon  
  15  0:57  Gateway  
  15  1:00  Gateway  
  15  1:08  Gateway  
  15  1:13  Probe  
  16  1:19  Assimilator  
  16  1:26  Probe  
  17  1:38  Probe  
  17  1:39  Pylon  
  18  1:44  Zealot (Chrono Boost)  
  18  1:46  Zealot (Chrono Boost)  
  24  2:01  Zealot (Chrono Boost)  
  24  2:04  Zealot (Chrono Boost)  
  28  2:08  Zealot (Chrono Boost)  
  30  2:23  Zealot (Chrono Boost)  
  30  2:26  Probe  
  30  2:28  Cybernetics Core  
  31  2:35  Zealot  
  33  2:38  Probe  
  33  2:52  Assimilator  
  31  3:04  Probe  
  32  3:06  Stargate  
  32  3:16  Probe  
  32  3:18  Adept (Chrono Boost)  
  35  3:29  Probe  

Tags
 
Add a new tag
Caveats
  • Supply blocks, unpowered buildings, or Contaminate may cause inaccurate times.
  • Supply counts are checked every 10 seconds.